 Dungeon Crawl Stone Soup version 0.28-a0-1038-g9c4cb8273d (webtiles) character file.

Game seed: 9209756131678441533

267 blank1 the Skirmisher (level 6, -4/56 HPs)
             Began as a Minotaur Fighter on Dec 9, 2021.
             Slain by Menkaure (20 damage)
             ... on level 4 of the Dungeon.
             The game lasted 00:04:31 (3220 turns).

blank1 the Skirmisher (Minotaur Fighter)            Turns: 3220, Time: 00:04:32

Health: -4/56      AC:  7    Str: 22    XL:     6   Next: 0%
Magic:  5/5        EV: 10    Int:  5    God:
Gold:   152        SH:  4    Dex: 10    Spells: 5/5 levels left

rFire   . . .      SeeInvis .   p - +0 morningstar
rCold   . . .      Faith    .   c - +0 buckler
rNeg    . . .      Spirit   .   b - +0 scale mail
rPois   +          Reflect  .   (helmet restricted)
rElec   .          Harm     .   (no cloak)
rCorr   .          Rampage  .   (no gloves)
Will    .....                   (no boots)
Stlth   ..........              (no amulet)
HPRegen 0.18/turn               m - ring of poison resistance
MPRegen 0.09/turn               (no ring)

@: no status effects
A: horns 2, retaliatory headbutt
a: no special abilities


You were on level 4 of the Dungeon.
You visited 1 branch of the dungeon, and saw 4 of its levels.

You collected 152 gold pieces.

Inventory:

Hand Weapons
 p - a +0 morningstar (weapon)
Missiles
 k - a throwing net (quivered)
Armour
 b - a +0 scale mail (worn)
 c - a +0 buckler (worn)
Jewellery
 m - a ring of poison resistance (left hand)
Scrolls
 a - a scroll of acquirement {unknown}
 e - a scroll of identify
 h - a scroll of enchant weapon {unknown}
 i - a scroll of teleportation {unknown}
 j - a scroll of holy word {unknown}
 l - a scroll of enchant armour {unknown}
 n - a scroll of torment {unknown}
Potions
 d - 2 potions of might
 f - a potion of brilliance
 g - a potion of invisibility
 o - a potion of curing


   Skills:
 + Level 5.4 Fighting
 + Level 5.4 Maces & Flails
 - Level 4.0 Armour
 - Level 2.0 Dodging
 - Level 4.0 Shields


You had 5 spell levels left.
You didn't know any spells.
Your spell library contained the following spells:

 Spells                   Type           Power      Damage    Failure   Level
 Corpse Rot               Necr/Air       0%         N/A       90%         2
 Poisonous Vapours        Pois/Air       0%         N/A       90%         2


Dungeon Overview and Level Annotations

Branches:
Dungeon (4/15)
 Temple: D:4-7

Altars:

Shops:
D:2 [

Annotations:
D:4 Menkaure


Innate Abilities, Weirdness & Mutations

You have a pair of horns on your head.
You reflexively headbutt those who attack you in melee.


Message History

No target in view!
No target in view!
No target in view!
Found a long sword.
You open the door.
There is an open door here.
You open the door.
Found a ring mail.
No target in view!
No target in view!
No target in view!
No target in view!
You now have 139 gold pieces (gained 15).
Found a stone staircase leading up.
No target in view!
No target in view!
Key pressed, stopping explore.
No target in view!
There is a stone staircase leading up here.
You now have 152 gold pieces (gained 13).
An adder and Menkaure come into view.
The adder hisses angrily.
Menkaure calls on the powers of darkness!
The adder convulses!
Your body is wracked with pain!
There are monsters nearby!
You barely miss the adder. Your headbutt misses the adder.
The adder is heavily wounded.
You block the adder's attack.
Menkaure gestures at you while chanting.
Pain shoots through your body!
* * * LOW HITPOINT WARNING * * *
You are too injured to fight recklessly!
There are monsters nearby!
You are too injured to fight recklessly!
You are too injured to fight recklessly!
You are too injured to fight recklessly!
You sock Menkaure!
Menkaure is heavily damaged.
You block the adder's attack. Menkaure hits you!!
You die...

############
..#....#M....#
###.#..#.@S..#
..#.#..#.#.#.#
#.#.#..#.#.#
#.#.#..#.#.#.#
########.#.#..#.#.#.#
.......#.#.#..#.#.#.#
.......#.#.##.#.#.#.#
.......#.#...<#.#.#.#
............###.#.#.#


You could see Menkaure and an adder.

Vanquished Creatures
  A howler monkey (D:3)
  An orc priest (D:2)
  Terence (D:2)
  4 gnolls
  5 adders
  A worm (D:4)
  2 dart slugs (D:3)
  17 orcs
  4 endoplasms
  2 giant cockroaches
  6 goblins
  7 hobgoblins
  A quokka (D:1)
  8 ball pythons
  3 bats
  4 frilled lizards
  3 kobolds (D:3)
  4 rats
74 creatures vanquished.

Notes
Turn   | Place    | Note
-------+----------+-------------------------------------------
     0 | D:1      | blank1 the Minotaur Fighter began the quest for the Orb.
     0 | D:1      | Reached XP level 1. HP: 19/19 MP: 0/0
    98 | D:1      | Found a faded altar of an unknown god.
   391 | D:1      | Reached XP level 2. HP: 27/27 MP: 1/1
   904 | D:2      | Reached skill level 1 in Dodging
   914 | D:2      | Reached XP level 3. HP: 20/33 MP: 2/2
   920 | D:2      | Noticed Terence
  1413 | D:2      | Killed Terence
  1414 | D:2      | Reached XP level 4. HP: 29/40 MP: 3/3
  1503 | D:2      | Found Toxeor's Armour Shoppe.
  2150 | D:2      | Reached XP level 5. HP: 36/47 MP: 4/4
  2392 | D:3      | Reached skill level 5 in Fighting
  2392 | D:3      | Reached skill level 5 in Maces & Flails
  3167 | D:4      | Reached XP level 6. HP: 56/56 MP: 5/5
  3217 | D:4      | Noticed Menkaure
  3220 | D:4      | Slain by Menkaure

Illustrated notes

Levels and vault maps discovered:
D:1:      minmay_arrival_stone_box, layout_loops_corners,
          basic_ecumenical_altar, grunt_decor_mini_mirrors
D:2:      layout_basic, serial_shops, nicolae_shop_waterfront, uniq_terence
D:3:      minmay_general_purpose_star, layout_basic
D:4:      layout_basic, trog_book, nicolae_shop_clearance, uniq_menkaure

Skill      XL: |  1  2  3  4  5 |
---------------+----------------+-----
Dodging        | 1 2 |  2.0
Fighting       | 4 5 |  5.4
Maces & Flails | 3 4 5 |  5.4
Armour         | 4 |  4.0
Shields        | 4 |  4.0

Action                   |  1- 3 |  4- 6 || total
-------------------------+-------+-------++-------
Melee: Flail             |    66 |    61 ||   127
       Headbutt          |    12 |    12 ||    24
       Morningstar       |       |    54 ||    54
  Use: Scroll            |       |     3 ||     3
Armor: Scale mail        |    25 |    44 ||    69
Dodge: Dodged            |    38 |    55 ||    93
Block: Buckler           |    19 |    30 ||    49

Table legend: (Time is in decaauts)
 A = Elapsed time spent in this place.
 B = Non-inter-level travel time spent in this place.
 C = Inter-level travel time spent in this place.
 D = Time resting spent in this place.
 E = Time spent auto-exploring this place.
 F = Levels seen in this place.
 G = Mean time per level.
                   A        B        C        D        E       F      G
               +--------+--------+--------+--------+--------+-----+--------+
         Total |   3263 |   3168 |     95 |    459 |   2248 |   4 |  815.8 |
       Dungeon |   3263 |   3168 |     95 |    459 |   2248 |   4 |  815.8 |
               +--------+--------+--------+--------+--------+-----+--------+

Top non-repeatable levels by time:
     D:1: 1380 daAuts
     D:3: 909 daAuts
     D:2: 793 daAuts
     D:4: 180 daAuts
